 Dungeon Crawl Stone Soup version 0.30-b1-5-g8e6c1be481 (webtiles) character file.

Game seed: 1288537211848164351

61 Cheops the Ruffian (level 4, 0/38 HPs)
             Began as a Ghoul Monk on May 3, 2023.
             Slain by an orc
             ... wielding a +0 flail
              (6 damage)
             ... on level 3 of the Dungeon.
             The game lasted 00:05:28 (1722 turns).

Cheops the Ruffian (Ghoul Monk)                     Turns: 1722, Time: 00:05:28

Health: 0/38       AC:  5    Str: 16    XL:     4   Next: 7%
Magic:  3/3        EV: 12    Int:  5    God:
Gold:   143        SH:  0    Dex: 11    Spells: 3/3 levels left

rFire   . .          .
                       - Unarmed
rCold   + . .        c - orb {light}
rNeg    + + +        a - +0 robe
rPois   ∞            (no helmet)
rElec   .            w - +2 cloak
rCorr   +            (no gloves)
SInv    .            (no boots)
Will    .....        (no amulet)
Stlth   +            i - ring of resist corrosion
HPRegen 0.00/turn    v - ring of flight
MPRegen 0.08/turn

%: no passive effects
@: flying, inhibited regen, glowing
A: claws 1, cold resistance 1, negative energy resistance 3, inhibited
regeneration, torment resistance 2, devour on kill
a: no special abilities


You were on level 3 of the Dungeon.
You visited 1 branch of the dungeon, and saw 3 of its levels.

You collected 143 gold pieces.

Inventory:

Armour
 a - a +0 robe (worn)
 c - an orb of light (worn)
 w - a +2 cloak (worn)
Jewellery
 i - a ring of resist corrosion (left claw)
 v - a ring of flight (right claw)
 y - a ring of wizardry
Scrolls
 e - 3 scrolls of identify {unknown}
 f - a scroll of blinking {unknown}
 g - 2 scrolls of enchant armour {unknown}
 m - a scroll of fog {unknown}
 n - a scroll of immolation {unknown}
 p - 2 scrolls of teleportation {unknown}
 s - a scroll of torment {unknown}
 t - 2 scrolls of fear {unknown}
 x - a scroll of magic mapping {unknown}
Potions
 b - a potion of heal wounds {unknown}
 d - a potion of invisibility {unknown}
 h - a potion of magic {unknown}
 j - a potion of cancellation {unknown}
 k - a potion of curing {unknown}
 l - a potion of haste {unknown}
 o - a potion of flight {unknown}
 q - a potion of might {unknown}
 r - 2 potions of brilliance {unknown}
 u - a potion of degeneration {unknown}


   Skills:
 - Level 3.2 Fighting
 + Level 3.3 Dodging
 * Level 4.8 Unarmed Combat


You had 3 spell levels left.
You didn't know any spells.
Your spell library was empty.

Dungeon Overview and Level Annotations

Branches:
Dungeon (3/15)

Altars:
Makhleb


Innate Abilities, Weirdness & Mutations

You are immune to poison.
You have sharp fingernails.
Your flesh is cold resistant. (rC+)
You are immune to negative energy. (rN+++)
You do not regenerate when monsters are visible.
You are immune to unholy pain and torment.
You thrive by killing the living.


Message History

The black bear barely misses you.
The black bear claws you but does no damage.
You scratch the black bear.
The black bear is lightly wounded.
The orc hits you with a +0 flail! The black bear barely misses you.
The black bear claws you but does no damage. x2
You are too injured to fight recklessly!
You are too injured to fight recklessly!
You are too injured to fight recklessly!
You are too injured to fight recklessly!
You are too injured to fight recklessly!
You are too injured to fight recklessly!
You are too injured to fight recklessly!
You are too injured to fight recklessly!
You are too injured to fight recklessly!
You are too injured to fight recklessly!
You are too injured to fight recklessly!
You are too injured to fight recklessly!
You are too injured to fight recklessly!
You are too injured to fight recklessly!
You are too injured to fight recklessly!
You are too injured to fight recklessly!
You are too injured to fight recklessly!
The black bear attacks as you move away!
The black bear bites you.
* * * LOW HITPOINT WARNING * * *
The black bear claws you but does no damage. x2
The orc attacks as you move away! The orc completely misses you.
The black bear attacks as you move away!
The black bear closely misses you.
The black bear claws you but does no damage.
The black bear barely misses you. The orc attacks as you move away!
The orc hits you with a +0 flail.
* * * LOW HITPOINT WARNING * * *
The orc attacks as you move away! The orc barely misses you.
The orc attacks as you move away! The orc barely misses you.
The orc attacks as you move away! The orc misses you.
There is a stone staircase leading up here.
The orc hits you with a +0 flail.
You die...

###.....###..#####.##.....##.#
##...............#.......#..
##........#####.#.......#.#
###..#...# ##....._.....#
#.##...# ##..#.......#.#
####...# #...#.......#.#
#...h###...##.....##.#
#...o##....####.####.#
##>..@............ ..#
#...#.....###########
#...##....# ###########


You could see a black bear and an orc.

Vanquished Creatures
  2 dart slugs
  6 orcs
  4 ball pythons
  4 endoplasms
  2 giant cockroaches (D:1)
  2 goblins
  4 hobgoblins
  5 jackals
  6 kobolds
  3 bats
  3 frilled lizards (D:1)
  7 rats
48 creatures vanquished.

Notes
Turn   | Place    | Note
-------+----------+-------------------------------------------
     0 | D:1      | Cheops the Ghoul Monk began the quest for the Orb.
     0 | D:1      | Reached XP level 1. HP: 19/19 MP: 0/0
   101 | D:1      | Reached XP level 2. HP: 21/26 MP: 1/1
   293 | D:1      | Reached skill level 4 in Unarmed Combat
   389 | D:1      | Reached XP level 3. HP: 26/31 MP: 2/2
  1636 | D:3      | Reached XP level 4. HP: 38/38 MP: 3/3
  1646 | D:3      | Found a burning altar of Makhleb.
  1696 | D:3      | Noticed a black bear
  1722 | D:3      | Slain by an orc

Illustrated notes

Levels and vault maps discovered:
D:1:      denvon_arrival_waterhouse, layout_loops_ring
D:2:      kennysheep_big_flooded_room, layout_basic, eino_tiny_chamber,
          minmay_fountain_box, nrook_uturn
D:3:      layout_rooms, old_standard_altar, nicolae_tso_carved_into_rock,
          mainiacjoe_overflow_boulevard

Skill      XL: |  1  2 |
---------------+-------+-----
Unarmed Combat | 4 |  4.8
Dodging        | 3 |  3.3
Fighting       | |  3.2

Action                     |  1- 3 |  4- 6 || total
---------------------------+-------+-------++-------
  Melee: Unarmed           |   102 |    14 ||   116
    Use: Potion            |     1 |       ||     1
 Armour: Robe              |    22 |    10 ||    32
  Dodge: Dodged            |    64 |    21 ||    85
